 Dungeon Crawl Stone Soup version 0.32-a0-685-g93135e86f0 (webtiles) character file.

Game seed: 7852525011295930305

511 backslashecho the Shooter (level 7, -4/55 HPs)
             Began as a Formicid Hunter on Mar 13, 2024.
             Was an Initiate of Hepliaklqana.
             Slain by a steam dragon (5 damage)
             ... on level 5 of the Dungeon.
             The game lasted 00:07:12 (4600 turns).

backslashecho the Shooter (Formicid Hunter)         Turns: 4600, Time: 00:07:12

Health: -4/55      AC:  7    Str: 15    XL:     7   Next: 43%
Magic:  7/7        EV: 13    Int:  9    God:    Hepliaklqana [......]
Gold:   272        SH:  0    Dex: 19    Spells: 6/6 levels left

rFire   . . .        a - +0 shortbow
rCold   . . .        (no shield)
rNeg    . . .        c - +0 leather armour
rPois   .            (helmet unavailable)
rElec   .            (no cloak)
rCorr   .            (no gloves)
SInv    +            (no boots)
Will    .....        (no amulet)
Stlth   ++           e - +4 ring of protection
HPRegen 0.29/turn    (no ring)
MPRegen 0.10/turn

%: no passive effects
@: no status effects
A: permanent stasis, dig shafts and tunnels, antennae 3, four strong arms
a: Dig, Shaft Self, Renounce Religion


You were on level 5 of the Dungeon.
You worshipped Hepliaklqana.
Hepliaklqana was noncommittal.
You visited 2 branches of the dungeon, and saw 6 of its levels.

You collected 272 gold pieces.

Inventory:

Hand Weapons
 a - a +0 shortbow (weapon)
Missiles
 q - 6 poisoned darts (quivered)
Armour
 c - a +0 leather armour (worn)
 k - a +0 pair of boots
Jewellery
 e - a +4 ring of protection (left hand)
Wands
 s - a wand of polymorph (7)
Scrolls
 b - a scroll of butterflies
 d - a scroll of revelation {unknown}
 f - 3 scrolls of blinking {unknown}
 g - 7 scrolls of identify {unknown}
 h - a scroll of enchant armour {unknown}
 j - 2 scrolls of amnesia {unknown}
 n - 2 scrolls of teleportation {unknown}
 o - a scroll of torment {unknown}
 p - 2 scrolls of summoning {unknown}
 u - a scroll of silence {unknown}
 v - a scroll of noise {unknown}
Potions
 i - a potion of haste {unknown}
 l - 2 potions of curing
 m - 3 potions of heal wounds {unknown}
 r - a potion of brilliance {unknown}
 t - a potion of ambrosia {unknown}


   Skills:
 + Level 4.5 Fighting
 * Level 6.6 Ranged Weapons
 + Level 3.6 Dodging
 - Level 1.2 Stealth


You had 6 spell levels left.
You didn't know any spells.
Your spell library contained the following spells:

 Spells                   Type           Power      Damage    Failure   Level
 Call Imp                 Summ           0%         N/A       58%         2
 Lesser Beckoning         Tloc           0%         N/A       58%         2
 Sublimation of Blood     Necr           0%         N/A       58%         2
 Gell's Gravitas          Tloc           0%         N/A       83%         3
 Teleport Other           Tloc           0%         N/A       83%         3
 Summon Hydra             Summ           0%         N/A       100%        7


Dungeon Overview and Level Annotations

Branches:
Dungeon (5/15)             Temple (1/1) D:4

Altars:
Ashenzari
Cheibriados
Elyvilon
Hepliaklqana
Nemelex Xobeh
Okawaru
Ru
Sif Muna
Trog
Uskayaw
Vehumet
Wu Jian
Xom

Annotations:
D:4 exclusion: sleepcap


Innate Abilities, Weirdness & Mutations

You cannot be hasted, slowed, berserked, paralysed or teleported.
You can dig through walls and to a lower floor.
You have a pair of large antennae on your head. (SInv)
Your four strong arms can wield two-handed weapons with a shield.


Message History

You shoot an arrow. The arrow completely misses the orc.
The orc barely misses you.
You shoot an arrow. The arrow hits the orc!
You kill the orc!
No target in view!
No target in view!
No target in view!
Items here: )))) [[ †††.
You see here a +0 club.
An orc warrior comes into view. It is wielding a +0 war axe.
The orc warrior moves out of view.
An orc warrior is nearby!
An orc warrior is nearby!
You shoot an arrow.
The arrow hits the orc warrior but does no damage.
You see here a +0 club.
Items here: )))) [[ †††.
You see here a +0 whip.
You see here a +0 whip.
Okay, then.
Aiming: Polymorph
Press: ? - help, Shift-Dir - straight line, f/p - orc warrior
Aim: an orc warrior, wielding a +0 war axe and wearing a +0 plate armour (will become a steam dragon, a river rat, or a ribbon worm, chance to affect: 49%)
The orc warrior evaporates and reforms as a steam dragon!
You shoot an arrow. The arrow hits the steam dragon.
The steam dragon is lightly wounded.
You shoot an arrow.
The arrow hits the steam dragon but does no damage.
The steam dragon is lightly wounded.
You shoot an arrow.
The arrow hits the steam dragon but does no damage.
The steam dragon is lightly wounded.
Aiming: Polymorph
Press: ? - help, Shift-Dir - straight line, f/p - steam dragon
Aim: a steam dragon (lightly wounded, will become a wyvern, a killer bee, or a swamp drake, chance to affect: 49%)
Okay, then.
Unknown command.
Okay, then.
Unknown command.
Unknown command.
Throw: 8 darts (poison)
Press: ? - help, Shift-Dir - straight line, f/p - steam dragon
Aim: a steam dragon (lightly wounded, 60% to hit)
You throw a poisoned dart.
The poisoned dart barely misses the steam dragon.
The steam dragon bites you. The steam dragon misses you.
You take 6 damage, and have 49/55 hp.
Throw: 7 darts (poison)
Press: ? - help, Q - select action, (/) - cycle Shift-Dir - straight line, f/p - steam dragon
Aim: a steam dragon (lightly wounded, 60% to hit)
You throw a poisoned dart.
The poisoned dart hits the steam dragon.
The steam dragon is poisoned.
The steam dragon is lightly wounded.
The steam dragon misses you.
The steam dragon claws you but does no damage.
You shoot an arrow.
The arrow barely misses the steam dragon.
The steam dragon barely misses you. The steam dragon claws you.
You take 2 damage, and have 47/55 hp.
You shoot an arrow.
The arrow barely misses the steam dragon.
The steam dragon breathes steam at you. The ball of steam misses you.
The steam dragon barely misses you. The steam dragon misses you.
The steam dragon attacks as it pursues you!
The steam dragon bites you! The steam dragon closely misses you.
You take 7 damage, and have 40/55 hp.
You shoot an arrow. The arrow hits the steam dragon.
The steam dragon is moderately wounded.
The steam dragon barely misses you. The steam dragon misses you.
You shoot an arrow.
The arrow closely misses the steam dragon.
The steam dragon closely misses you. The steam dragon misses you.
You shoot an arrow. The arrow hits the steam dragon!
The steam dragon is heavily wounded.
The steam dragon looks more healthy.
The steam dragon completely misses you. The steam dragon claws you.
You take 2 damage, and have 38/55 hp.
You shoot an arrow.
The arrow barely misses the steam dragon.
The steam dragon breathes steam at you. The ball of steam hits you!!
* * * LOW HITPOINT WARNING * * *
You take 26 damage, and have 12/55 hp.
MASSIVE DAMAGE!!
The steam dragon breathes steam at you. The ball of steam misses you.
The steam dragon attacks as it pursues you!
The steam dragon bites you.
* * * LOW HITPOINT WARNING * * *
The steam dragon barely misses you.
You take 3 damage, and have 9/55 hp.
You are too injured to fight recklessly!
You shoot an arrow. The arrow hits the steam dragon.
The steam dragon is almost dead.
The steam dragon bites you!
* * * LOW HITPOINT WARNING * * *
The steam dragon claws you.
You die...
Hepliaklqana delivers you to your ancestors.

# #..≈..~..~~.# ##ß
#.≈~~.≈.♣~# #...
#.....#≈~#
##..#####...~..~##
#..)).o).(####..#
##..######.###.##
#..., ##)#)## ##ß
####(## # # #..@D)#
#.###§##§.#
......§§..#
......#..§####.
..###....§.....# #
#.#.######## #.#.#
#.#.################
#..................#


You could see a steam dragon.

Vanquished Creatures
  Eustachio (D:4)
  A kobold brigand (D:4)
  A hound (D:5)
  2 orc priests (D:5)
  An iguana (D:5)
  2 orc wizards (D:4)
  4 adders
  2 dart slugs
  3 ribbon worms
  12 orcs
  6 ball pythons
  4 endoplasms
  3 giant cockroaches
  3 goblins
  7 hobgoblins
  3 jackals (D:1)
  3 quokkas
  6 bats
  2 frilled lizards (D:1)
  5 kobolds
  9 rats
  A spectral kobold (D:4)
81 creatures vanquished.

Notes
Turn   | Place    | Note
-------+----------+-------------------------------------------
     0 | D:1      | backslashecho the Formicid Hunter began the quest for the
                  | Orb.
     0 | D:1      | Reached XP level 1. HP: 16/16 MP: 1/1
   241 | D:1      | Reached XP level 2. HP: 23/23 MP: 2/2
   533 | D:1      | Reached XP level 3. HP: 26/28 MP: 3/3
  1062 | D:2      | Reached XP level 4. HP: 34/34 MP: 4/4
  1519 | D:3      | Found a sacrificial altar of Ru.
  1708 | D:3      | Reached skill level 5 in Ranged Weapons
  1855 | D:4      | Found a staircase to the Ecumenical Temple.
  1894 | Temple   | Entered the Ecumenical Temple
  1993 | D:4      | Noticed a kobold brigand
  2010 | D:4      | Killed a kobold brigand
  2011 | D:4      | Reached XP level 5. HP: 14/41 MP: 5/5
  2485 | D:4      | Found a radiant altar of Vehumet.
  2517 | D:4      | Reached XP level 6. HP: 25/48 MP: 6/6
  2725 | D:4      | Noticed Eustachio
  3341 | D:4      | Killed Eustachio
  3342 | D:4      | Reached skill level 6 in Ranged Weapons
  3342 | D:4      | Reached XP level 7. HP: 54/54 MP: 7/7
  3663 | D:4      | Found a hazy altar of Hepliaklqana.
  3679 | D:4      | Became a worshipper of Hepliaklqana the Forgotten
  3963 | D:5      | Entered Level 5 of the Dungeon
  4144 | D:5      | Found a hide-covered altar of Uskayaw.
  4585 | D:5      | an orc warrior changed into a steam dragon
  4585 | D:5      | Noticed a steam dragon
  4600 | D:5      | HP: 1/55 [steam dragon (8)]
  4600 | D:5      | Slain by a steam dragon

Illustrated notes

Levels and vault maps discovered:
D:1:      amcnicky_arrival_single_pillar, layout_basic
D:2:      layout_rooms
D:3:      layout_basic, overflow_temple_1_default, minmay_hedge_maze
D:4:      layout_loops_corners, mainiacjoe_overflow_catwalk,
          nicolae_hepliaklqana_monster_ancestors, minmay_temple_entry_wispy,
          serial_co_window_serial, co_window_of_opportunity_a,
          co_window_paths_b, co_window_corner_a, co_window_of_opportunity_a,
          co_window_of_opportunity_a, co_window_corner_a, co_window_corner_a,
          co_window_cross_4, co_window_unsneaky_path_b, co_window_broadway_c,
          co_window_corner_b, co_window_corner_cb, co_window_4corner_b,
          uniq_eustachio
D:5:      layout_loops_ring, nicolae_qazlal_style_of_elements,
          nicolae_overflow_crystal_walls, chequers_serial_rivers_micro_c,
          chequers_serial_rivers_marsh, pf_guarded_unrand_meek
Temple:   kb_temple_of_zot

Skill      XL: |  1  2  3  4  5  6 |
---------------+-------------------+-----
Dodging        | 2 3 |  3.6
Fighting       | 3 4 |  4.5
Ranged Weapons | 5 6 |  6.6
Stealth        | |  1.2

Action                     |  1- 3 |  4- 6 |  7- 9 || total
---------------------------+-------+-------+-------++-------
  Melee: Unarmed           |       |    13 |       ||    13
   Fire: Shortbow          |   116 |   103 |    97 ||   316
  Throw: Dart              |       |       |     2 ||     2
  Evoke: Wand              |       |       |     1 ||     1
    Use: Potion            |       |     1 |       ||     1
   Stab: Confused          |       |     2 |       ||     2
 Armour: Leather armour    |    28 |    22 |    29 ||    79
         Skin              |       |     2 |       ||     2
  Dodge: Dodged            |    41 |    27 |    43 ||   111

Table legend: (Time is in decaauts)
 A = Elapsed time spent in this place.
 B = Non-inter-level travel time spent in this place.
 C = Inter-level travel time spent in this place.
 D = Time resting spent in this place.
 E = Time spent auto-exploring this place.
 F = Levels seen in this place.
 G = Mean time per level.
                   A        B        C        D        E       F      G
               +--------+--------+--------+--------+--------+-----+--------+
         Total |   4652 |   4123 |    529 |    420 |   2974 |   6 |  775.3 |
       Dungeon |   4650 |   4122 |    528 |    420 |   2974 |   5 |  930.0 |
        Temple |      2 |      2 |      0 |      0 |      0 |   1 |    2.0 |
               +--------+--------+--------+--------+--------+-----+--------+

Top non-repeatable levels by time:
     D:4: 2335 daAuts
     D:1: 714 daAuts
     D:3: 614 daAuts
     D:2: 499 daAuts
     D:5: 485 daAuts
  Temple: 2 daAuts
